APP
SAN FRANCISCO (APP) GIANTS @ MIAMI (APP) MARLINS
05/02/2044
 
TOP OF THE 1ST
San Francisco (APP) Giants batting - Pitching for Miami (APP) Marlins : LHP Gavrilo Brkic
Pitching: LHP Gavrilo Brkic
Batting: RHB Bill Defazio 0-0: Fly out, F2 (Popup, 15S, EV 85.0 MPH)
Batting: RHB Teruhide Horiuchi 0-0: Swinging Strike
0-1: Ground out 3-1 (Groundball, 34S, EV 93.1 MPH)
Batting: LHB Jared Paige 0-0: Called Strike
0-1: Ball
1-1: Foul Ball, location: 2F
1-2: Ground out 4-3 (Groundball, 4M, EV 78.8 MPH)
Top of the 1st over - 0 runs, 0 hits, 0 errors, 0 left on base; San Francisco (APP) 0 - Miami (APP) 0
BOTTOM OF THE 1ST
Miami (APP) Marlins batting - Pitching for San Francisco (APP) Giants : RHP Ryan Hoagland
Pitching: RHP Ryan Hoagland
Batting: RHB Jason Thrash 0-0: Ball
1-0: Ball
2-0: Foul Ball, location: 2F
2-1: Ground out 6-3 (Groundball, 56, EV 86.9 MPH)
Batting: RHB Keith Bennett 0-0: Called Strike
0-1: Ball
1-1: Ball
2-1: Foul Ball, location: 2F
2-2: Ball
3-2: Base on Balls
Batting: RHB Mario Cota 0-0: SINGLE (Line Drive, 8LS, EV 93.8 MPH)
Keith Bennett to second
Batting: SHB Matt Moore 0-0: Swinging Strike
0-1: Foul Ball, location: 2F
0-2: Strikes out swinging
Batting: RHB Adrian Bocker 0-0: Called Strike
0-1: Ball
1-1: Ball
2-1: Fielders Choice at 2nd, 6-4 (Groundball, 6, EV 110.6 MPH)
Bottom of the 1st over - 0 runs, 1 hit, 0 errors, 2 left on base; San Francisco (APP) 0 - Miami (APP) 0
TOP OF THE 2ND
San Francisco (APP) Giants batting - Pitching for Miami (APP) Marlins : LHP Gavrilo Brkic
Batting: RHB Jason Gregor 0-0: Ball
1-0: Foul Ball, location: 2F
1-1: Foul Ball, location: 2F
1-2: Foul Ball, location: 2F
1-2: Ball
2-2: Foul Ball, location: 2F
2-2: Foul Ball, location: 2F
2-2: Ball
3-2: DOUBLE (Line Drive, 78D, EV 109.4 MPH)
Batting: LHB Al Hernandez 0-0: Called Strike
0-1: Swinging Strike
0-2: Ball
1-2: Strikes out swinging
Batting: RHB Dinand Brouwer 0-0: Ball
1-0: Ball
2-0: Foul Ball, location: 2F
2-1: Ball
3-1: Foul Ball, location: 2F
3-2: 2-RUN HOME RUN (Flyball, 9LD, EV 95.6 MPH), Distance : 347 ft
Batting: RHB Ed Broomhead 0-0: Swinging Strike
0-1: DOUBLE (Line Drive, 89D, EV 109.4 MPH)
Batting: RHB Alexis Andrade 0-0: Called Strike
0-1: Called Strike
0-2: Ball
1-2: Strikes out swinging
Batting: RHB David Andrews 0-0: Ball
1-0: Ball
2-0: Foul Ball, location: 2F
2-1: Ground out 6-3 (Groundball, 6M, EV 87.5 MPH)
Top of the 2nd over - 2 runs, 3 hits, 0 errors, 1 left on base; San Francisco (APP) 2 - Miami (APP) 0
BOTTOM OF THE 2ND
Miami (APP) Marlins batting - Pitching for San Francisco (APP) Giants : RHP Ryan Hoagland
Batting: RHB Matt Alexander 0-0: Called Strike
0-1: Ball
1-1: Swinging Strike
1-2: Ground out U3 (Groundball, 3, EV 80.6 MPH)
Batting: RHB Rick Knoblauch 0-0: Called Strike
0-1: Swinging Strike
0-2: Ball
1-2: Ground out 5-3 (Groundball, 56S, EV 73.1 MPH)
Batting: LHB Melvin Castro 0-0: Called Strike
0-1: Ground out 1-3 (Groundball, 23, EV 73.1 MPH)
Bottom of the 2nd over - 0 runs, 0 hits, 0 errors, 0 left on base; San Francisco (APP) 2 - Miami (APP) 0
TOP OF THE 3RD
San Francisco (APP) Giants batting - Pitching for Miami (APP) Marlins : LHP Gavrilo Brkic
Batting: RHB Bill Defazio 0-0: Foul Ball, location: 2F
0-1: Foul Ball, location: 2F
0-2: Ground out 4-3 (Groundball, 4, EV 84.4 MPH)
Batting: RHB Teruhide Horiuchi 0-0: Called Strike
0-1: Called Strike
0-2: Ball
1-2: DOUBLE (Line Drive, 9LM, EV 98.1 MPH)
Batting: LHB Jared Paige 0-0: Ball
1-0: Called Strike
1-1: Ball
2-1: Ball
3-1: Base on Balls
Batting: RHB Jason Gregor 0-0: Ball
1-0: Ball
2-0: Ball
3-0: Swinging Strike
3-1: Base on Balls
Teruhide Horiuchi to third
Jared Paige to second
Batting: LHB Al Hernandez 0-0: Ground out 5-3 (Groundball, 5S, EV 71.2 MPH)
Teruhide Horiuchi scores
Jared Paige to third
Jason Gregor to second
Batting: RHB Dinand Brouwer 0-0: Ball
1-0: Called Strike
1-1: Called Strike
1-2: Strikes out looking
Top of the 3rd over - 1 run, 1 hit, 0 errors, 2 left on base; San Francisco (APP) 3 - Miami (APP) 0
BOTTOM OF THE 3RD
Miami (APP) Marlins batting - Pitching for San Francisco (APP) Giants : RHP Ryan Hoagland
Batting: LHB Bryan Wedge 0-0: Ball
1-0: Ball
2-0: Called Strike
2-1: Ball
3-1: Ground out 3-1 (Groundball, 34, EV 85.0 MPH)
Batting: RHB Jason Thrash 0-0: Ball
1-0: Ground out 4-3 (Groundball, 4, EV 86.2 MPH)
Batting: RHB Keith Bennett 0-0: Ball
1-0: Ground out 6-3 (Groundball, 6, EV 103.1 MPH)
Bottom of the 3rd over - 0 runs, 0 hits, 0 errors, 0 left on base; San Francisco (APP) 3 - Miami (APP) 0
TOP OF THE 4TH
San Francisco (APP) Giants batting - Pitching for Miami (APP) Marlins : LHP Gavrilo Brkic
Batting: RHB Ed Broomhead 0-0: Swinging Strike
0-1: Reached via error on a dropped throw from P, E3 (Groundball, 13, EV 71.9 MPH)
Batting: RHB Alexis Andrade 0-0: Ball
1-0: Ball
2-0: Ball
3-0: Base on Balls
Ed Broomhead to second
Batting: RHB David Andrews 0-0: Swinging Strike
0-1: Ball
1-1: Ball
2-1: Foul Ball, location: 2F
2-2: Strikes out swinging
Batting: RHB Bill Defazio 0-0: Foul Ball, location: 2F
0-1: Called Strike
0-2: Ball
1-2: Ball
2-2: Foul Ball, location: 2F
2-2: SINGLE (Groundball, 4MS, EV 89.4 MPH) (infield hit)
Ed Broomhead to third
Alexis Andrade to second
Batting: RHB Teruhide Horiuchi 0-0: Ball
1-0: Fly out, F4 (Popup, 4, EV 71.2 MPH)
Batting: LHB Jared Paige 0-0: Ball
1-0: Ball
2-0: SINGLE (Line Drive, 6MD, EV 98.1 MPH)
Ed Broomhead scores
Alexis Andrade to third
Bill Defazio to second
Batting: RHB Jason Gregor 0-0: Ball
1-0: Called Strike
1-1: Hit by Pitch
Alexis Andrade scores
Bill Defazio to third
Jared Paige to second
Batting: LHB Al Hernandez 0-0: Ball
1-0: Ball
2-0: GRAND SLAM HOME RUN (Line Drive, 9LD, EV 95.0 MPH), Distance : 363 ft
Pitching: LHP Tyler Murders
Batting: RHB Dinand Brouwer 0-0: Ball
1-0: Ball
2-0: Called Strike
2-1: Ball
3-1: Called Strike
3-2: Base on Balls
Batting: RHB Ed Broomhead 0-0: Called Strike
0-1: Ball
1-1: Ball
2-1: Called Strike
2-2: Ball
3-2: SINGLE (Groundball, 56S, EV 73.8 MPH) (infield hit)
Dinand Brouwer to second
Batting: RHB Alexis Andrade 0-0: Ball
1-0: Ball
2-0: Ball
3-0: Called Strike
3-1: Base on Balls
Dinand Brouwer to third
Ed Broomhead to second
Batting: RHB David Andrews 0-0: Foul Ball, location: 2F
0-1: Ball
1-1: Foul Ball, location: 2F
1-2: Strikes out swinging
Top of the 4th over - 6 runs, 4 hits, 1 error, 3 left on base; San Francisco (APP) 9 - Miami (APP) 0
BOTTOM OF THE 4TH
Miami (APP) Marlins batting - Pitching for San Francisco (APP) Giants : RHP Ryan Hoagland
Batting: RHB Mario Cota 0-0: Ball
1-0: Foul Ball, location: 2F
1-1: Called Strike
1-2: Ball
2-2: DOUBLE (Groundball, 5L, EV 108.8 MPH)
Batting: SHB Matt Moore 0-0: Foul Ball, location: 2F
0-1: Fly out, F5 (Popup, 5, EV 61.2 MPH)
Batting: RHB Adrian Bocker 0-0: Foul Ball, location: 2F
0-1: Ball
1-1: Foul Ball, location: 2F
1-2: Ground out 6-3 (Groundball, 6S, EV 93.1 MPH)
Batting: RHB Matt Alexander 0-0: SINGLE (Groundball, 3D, EV 102.5 MPH)
Mario Cota to third
Batting: RHB Rick Knoblauch 0-0: Called Strike
0-1: Foul Ball, location: 2F
0-2: Ball
1-2: Fly out, F4 (Flyball, 4D, EV 93.8 MPH)
Bottom of the 4th over - 0 runs, 2 hits, 0 errors, 2 left on base; San Francisco (APP) 9 - Miami (APP) 0
TOP OF THE 5TH
San Francisco (APP) Giants batting - Pitching for Miami (APP) Marlins : LHP Tyler Murders
Batting: RHB Bill Defazio 0-0: Called Strike
0-1: Ball
1-1: SINGLE (Line Drive, 7S, EV 91.9 MPH)
Batting: RHB Teruhide Horiuchi 0-0: Ball
1-0: Ball
2-0: Ball
3-0: Called Strike
3-1: Foul Ball, location: 2F
3-2: DOUBLE (Line Drive, 7LM, EV 108.1 MPH)
Bill Defazio to third
Batting: LHB Jared Paige 0-0: Foul Ball, location: 2F
0-1: Foul Ball, location: 2F
0-2: Ball
Wild Pitch!
Bill Defazio scores
Teruhide Horiuchi to third
1-2: Ground out 5-3 (Groundball, 56, EV 102.5 MPH)
Teruhide Horiuchi scores
Pitching: LHP Mike Wasson
Batting: RHB Jason Gregor 0-0: Ball
1-0: Ball
2-0: Called Strike
2-1: Ball
3-1: Foul Ball, location: 2F
3-2: Base on Balls
Batting: LHB Al Hernandez 0-0: Ball
1-0: Ball
2-0: Ball
3-0: Called Strike
3-1: Foul Ball, location: 2F
3-2: Foul Ball, location: 2F
3-2: Fly out, F5 (Popup, 56, EV 63.1 MPH)
Batting: RHB Dinand Brouwer 0-0: Called Strike
0-1: Foul Ball, location: 2F
0-2: Foul Ball, location: 2F
0-2: Fly out, F9 (Flyball, 9LS, EV 82.5 MPH)
Top of the 5th over - 2 runs, 2 hits, 0 errors, 1 left on base; San Francisco (APP) 11 - Miami (APP) 0
BOTTOM OF THE 5TH
Miami (APP) Marlins batting - Pitching for San Francisco (APP) Giants : RHP Ryan Hoagland
Batting: LHB Melvin Castro 0-0: Called Strike
0-1: Called Strike
0-2: Strikes out swinging
Batting: LHB Bryan Wedge 0-0: Swinging Strike
0-1: Called Strike
0-2: Foul Ball, location: 2F
0-2: Strikes out swinging
Batting: RHB Jason Thrash 0-0: Ground out 4-3 (Groundball, 34, EV 101.2 MPH)
Bottom of the 5th over - 0 runs, 0 hits, 0 errors, 0 left on base; San Francisco (APP) 11 - Miami (APP) 0
TOP OF THE 6TH
San Francisco (APP) Giants batting - Pitching for Miami (APP) Marlins : LHP Mike Wasson
Batting: RHB Ed Broomhead 0-0: Fly out, F6 (Line Drive, 6, EV 70.6 MPH)
Pitching: RHP Adam Brown
Batting: RHB Alexis Andrade 0-0: Ball
1-0: Ball
2-0: Ball
3-0: Called Strike
3-1: Ground out 5-3 (Groundball, 56S, EV 79.4 MPH)
Batting: RHB David Andrews 0-0: Foul Ball, location: 2F
0-1: Ball
1-1: Called Strike
1-2: SOLO HOME RUN (Flyball, 7D, EV 99.4 MPH), Distance : 407 ft
Batting: RHB Bill Defazio 0-0: Fly out, F8 (Line Drive, 8LM, EV 91.2 MPH)
Top of the 6th over - 1 run, 1 hit, 0 errors, 0 left on base; San Francisco (APP) 12 - Miami (APP) 0
BOTTOM OF THE 6TH
Miami (APP) Marlins batting - Pitching for San Francisco (APP) Giants : RHP Ryan Hoagland
Batting: RHB Keith Bennett 0-0: Called Strike
0-1: Foul Ball, location: 2F
0-2: Strikes out swinging
Batting: RHB Mario Cota 0-0: Ball
1-0: Ball
2-0: Ball
3-0: Called Strike
3-1: Foul Ball, location: 2F
3-2: Foul Ball, location: 2F
3-2: Strikes out swinging
Batting: SHB Matt Moore 0-0: SINGLE (Flyball, 8LS, EV 90.0 MPH)
Batting: RHB Adrian Bocker 0-0: Fly out, F2 (Popup, 15S, EV 87.5 MPH)
Bottom of the 6th over - 0 runs, 1 hit, 0 errors, 1 left on base; San Francisco (APP) 12 - Miami (APP) 0
TOP OF THE 7TH
San Francisco (APP) Giants batting - Pitching for Miami (APP) Marlins : RHP Adam Brown
Batting: RHB Teruhide Horiuchi 0-0: Called Strike
0-1: Fly out, F7 (Flyball, 78D, EV 90.0 MPH)
Batting: LHB Jared Paige 0-0: Ball
1-0: Ball
2-0: Ball
3-0: Called Strike
3-1: Called Strike
3-2: Base on Balls
Pitching: RHP Jeremy Akande
Batting: RHB Jason Gregor 0-0: Ball
1-0: Called Strike
1-1: Fly out, F7 (Flyball, 78S, EV 94.4 MPH)
Batting: LHB Al Hernandez 0-0: Foul Ball, location: 2F
0-1: Ball
1-1: Swinging Strike
1-2: Ball
2-2: Strikes out looking
Top of the 7th over - 0 runs, 0 hits, 0 errors, 1 left on base; San Francisco (APP) 12 - Miami (APP) 0
BOTTOM OF THE 7TH
Miami (APP) Marlins batting - Pitching for San Francisco (APP) Giants : RHP Ryan Hoagland
Batting: RHB Matt Alexander 0-0: Ball
1-0: Ball
2-0: Called Strike
2-1: Ground out U3 (Groundball, 34, EV 89.4 MPH)
Batting: RHB Rick Knoblauch 0-0: Ball
1-0: Fly out, F6 (Popup, P, EV 90.6 MPH)
Batting: LHB Melvin Castro 0-0: Called Strike
0-1: Swinging Strike
0-2: Strikes out swinging
Bottom of the 7th over - 0 runs, 0 hits, 0 errors, 0 left on base; San Francisco (APP) 12 - Miami (APP) 0
TOP OF THE 8TH
San Francisco (APP) Giants batting - Pitching for Miami (APP) Marlins : RHP Jeremy Akande
Batting: RHB Dinand Brouwer 0-0: Ball
1-0: Ball
2-0: Foul Ball, location: 2F
2-1: Foul Ball, location: 2F
2-2: Ball
3-2: Base on Balls
Batting: RHB Ed Broomhead 0-0: Ball
1-0: Fielders Choice at 2nd, 5-4 (Groundball, 56S, EV 84.4 MPH)
Batting: RHB Alexis Andrade 0-0: Swinging Strike
0-1: Ball
1-1: DOUBLE (Flyball, 89D, EV 93.1 MPH)
Ed Broomhead to third
Batting: RHB David Andrews 0-0: Ball
1-0: Ball
2-0: Ball
3-0: Base on Balls
Batting: RHB Bill Defazio 0-0: Called Strike
0-1: Foul Ball, location: 2F
0-2: Ball
1-2: DOUBLE (Line Drive, 9LS, EV 106.2 MPH)
Ed Broomhead scores
Alexis Andrade scores
David Andrews to third
Runner from 3rd tries for Home, SAFE, throw by RF to trailing runner, SAFE at third!
Batting: RHB Teruhide Horiuchi 0-0: DOUBLE (Flyball, 8RD, EV 97.5 MPH)
Bill Defazio scores
Batting: LHB Jared Paige 0-0: Foul Ball, location: 5F, Error on foul ball, E5
0-1: Ball
1-1: Ball
2-1: Foul Ball, location: 2F
2-2: Ball
3-2: Foul Ball, location: 2F
3-2: Foul Ball, location: 2F
3-2: Base on Balls
Batting: RHB Jason Gregor 0-0: Ball
1-0: Ball
Wild Pitch!
Teruhide Horiuchi to third
Jared Paige to second
2-0: Foul Ball, location: 2F
2-1: Ball
3-1: Foul Ball, location: 2F
3-2: Foul Ball, location: 2F
3-2: Base on Balls
Batting: LHB Al Hernandez 0-0: Called Strike
0-1: Ball
1-1: Foul Ball, location: 2F
1-2: Strikes out swinging
Batting: RHB Dinand Brouwer 0-0: Foul Ball, location: 2F
0-1: Ball
1-1: Ball
2-1: Foul Ball, location: 2F
2-2: Strikes out swinging
Top of the 8th over - 4 runs, 3 hits, 1 error, 3 left on base; San Francisco (APP) 16 - Miami (APP) 0
BOTTOM OF THE 8TH
Miami (APP) Marlins batting - Pitching for San Francisco (APP) Giants : RHP Ryan Hoagland
Batting: LHB Bryan Wedge 0-0: Swinging Strike
0-1: Swinging Strike
0-2: Foul Ball, location: 2F
0-2: Ball
1-2: Foul Ball, location: 2F
1-2: Strikes out swinging
Batting: RHB Jason Thrash 0-0: Ball
1-0: Ball
2-0: Ball
3-0: Called Strike
3-1: Base on Balls
Batting: RHB Keith Bennett 0-0: Ball
1-0: SINGLE (Line Drive, 4MD, EV 105.0 MPH)
Jason Thrash to second
Batting: RHB Mario Cota 0-0: Called Strike
0-1: Called Strike
0-2: Foul Ball, location: 2F
0-2: Ball
1-2: Strikes out looking
Pitching: RHP Eddie Ramirez
Batting: SHB Matt Moore 0-0: Ball
1-0: SINGLE (Line Drive, 8LS, EV 113.8 MPH)
Jason Thrash to third
Keith Bennett to second
Runner from 3rd tries for Home, SAFE, throw by CF to home
Batting: RHB Adrian Bocker 0-0: SINGLE (Groundball, 56D, EV 102.5 MPH)
Keith Bennett to third
Matt Moore to second
Runner from 3rd tries for Home, SAFE, throw by LF to home
Batting: RHB Matt Alexander 0-0: Ball
Passed Ball!
Matt Moore to third
Adrian Bocker to second
1-0: Ground out 4-3 (Groundball, 4, EV 92.5 MPH)
Bottom of the 8th over - 2 runs, 3 hits, 0 errors, 2 left on base; San Francisco (APP) 16 - Miami (APP) 2
TOP OF THE 9TH
San Francisco (APP) Giants batting - Pitching for Miami (APP) Marlins : RHP Jeremy Akande
Batting: RHB Ed Broomhead 0-0: Ball
1-0: Ball
2-0: Ground out 4-3 (Groundball, 4, EV 110.6 MPH)
Batting: RHB Alexis Andrade 0-0: Ball
1-0: Ball
2-0: Fly out, F8 (Flyball, 89D, EV 86.9 MPH)
Batting: RHB David Andrews 0-0: Called Strike
0-1: Ball
1-1: Foul Ball, location: 2F
1-2: Ball
2-2: Strikes out swinging
Top of the 9th over - 0 runs, 0 hits, 0 errors, 0 left on base; San Francisco (APP) 16 - Miami (APP) 2
BOTTOM OF THE 9TH
Miami (APP) Marlins batting - Pitching for San Francisco (APP) Giants : RHP Eddie Ramirez
Batting: RHB Rick Knoblauch 0-0: Ground out 6-3 (Groundball, 6, EV 86.9 MPH)
Batting: LHB Melvin Castro 0-0: Called Strike
0-1: Ball
1-1: Ball
2-1: Foul Ball, location: 2F
2-2: Ball
3-2: Strikes out looking
Batting: LHB Bryan Wedge 0-0: Ball
1-0: SINGLE (Groundball, 56D, EV 94.4 MPH)
Batting: RHB Jason Thrash 0-0: Called Strike
0-1: Ball
1-1: Foul Ball, location: 2F
1-2: Ball
2-2: Foul Ball, location: 2F
2-2: Ball
3-2: Foul Ball, location: 2F
3-2: Strikes out swinging
Bottom of the 9th over - 0 runs, 1 hit, 0 errors, 1 left on base; San Francisco (APP) 16 - Miami (APP) 2
Thursday, March 31st , 2022 - OOTP Baseball 22.12 Build 89